 Dungeon Crawl Stone Soup version 0.24.0-123-gd5b16e6ec5 (webtiles) character file.

Game seed: 8228764316206940012, levelgen mode: deterministic

2374 Gildeon the Cleaver (level 9, -3/70 HPs)
             Began as a Minotaur Fighter on Dec 20, 2019.
             Was an Elder of Okawaru.
             Slain by an orc warrior
             ... wielding a +0 dire flail
              (21 damage)
             ... on level 7 of the Dungeon on Dec 21, 2019.
             The game lasted 00:16:23 (6100 turns).

Gildeon the Cleaver (Minotaur Fighter)              Turns: 6100, Time: 00:16:24

Health: -3/70      AC: 13    Str: 25    XL:     9   Next: 21%
Magic:  8/8        EV:  6    Int:  5    God:    Okawaru [****..]
Gold:   336        SH:  9    Dex:  9    Spells: 8/8 levels left

rFire    . . .     SeeInvis +   a - +0 war axe
rCold    . . .     Gourm    .   c - +0 shield
rNeg     . . .     Faith    .   J - +2 chain mail {MR+}
rPois    .         Spirit   .   (helmet restricted)
rElec    .         Reflect  .   t - +0 cloak
rCorr    .         Harm     .   p - +0 pair of gloves
MR       +....                  (no boots)
Stlth    ..........             H - amulet of rage
HPRegen  0.21/turn              M - ring of see invisible
MPRegen  0.11/turn              O - ring of stealth

@: no status effects
A: retaliatory headbutt, horns 2
a: Heroism, Renounce Religion, Evoke Berserk Rage


You were on level 7 of the Dungeon.
You worshipped Okawaru.
Okawaru was greatly pleased with you.
You were not hungry.

You visited 2 branches of the dungeon, and saw 8 of its levels.
You also visited: Sewer.

You collected 336 gold pieces.

Inventory:

Hand Weapons
 a - a +0 war axe (weapon)
 g - the +10 hand axe of the End of Times {holy, rN+, unknown}
   (You found it on level 5 of the Dungeon)

   It has been blessed by the Shining One to cause great damage to the undead
   and demons.
   It protects you from negative energy.
 l - a +0 flail
 q - a +1 whip of venom
 w - the +3 trident "Ultimatum" {venom, rPois Str+3, unknown}
   (You found it on level 4 of the Dungeon)

   It poisons the flesh of those it strikes.
   It affects your strength (+3).
   It protects you from poison.
Missiles
 j - 52 poisoned darts (quivered)
 u - 4 atropa-tipped darts
 C - 2 throwing nets
Armour
 c - a +0 shield (worn)
 p - a +0 pair of gloves (worn)
 t - a +0 cloak (worn)
 J - a +2 chain mail of magic resistance (worn)
Jewellery
 H - an amulet of rage (around neck)
 M - a ring of see invisible (left hand)
 O - a ring of stealth (right hand)
 P - an uncursed amulet of magic regeneration {unknown}
Wands
 b - a wand of digging (7)
 I - a wand of paralysis (12)
 L - a wand of flame (17)
 N - a wand of enslavement (12)
Scrolls
 e - a scroll of immolation {unknown}
 k - 8 scrolls of teleportation
 n - 5 scrolls of remove curse
 o - 3 scrolls of magic mapping {unknown}
 v - 2 scrolls of blinking {unknown}
 y - a scroll of enchant armour {unknown}
 B - 2 scrolls of identify {unknown}
 D - 3 scrolls of fog {unknown}
 F - 2 scrolls of fear
 K - 2 scrolls of amnesia {unknown}
Potions
 d - 3 potions of might
 h - a potion of haste
 i - 7 potions of heal wounds {unknown}
 m - a potion of lignification {unknown}
 r - 2 potions of flight {unknown}
 s - a potion of mutation {unknown}
 x - 2 potions of cancellation {unknown}
 z - a potion of resistance {unknown}
 A - 5 potions of curing {unknown}
 E - a potion of experience {unknown}
 G - a potion of brilliance {unknown}
Comestibles
 f - 13 rations


   Skills:
 - Level 3.6 Fighting
 + Level 14.2 Axes
 - Level 3.6 Armour
 - Level 3.6 Shields


You had 8 spell levels left.
You didn't know any spells.
Your spell library was empty.

Dungeon Overview and Level Annotations

Branches:
Dungeon (7/15)             Temple (1/1) D:5           Sewer (visited)

Altars:
Cheibriados
Elyvilon
Fedhas
Gozag
Kikubaaqudgha
Nemelex Xobeh
Okawaru
Qazlal
Ru
Sif Muna
Trog
Uskayaw
Vehumet
Wu Jian
Zin
The Shining One

Shops:
D:5 =   D:6 }*!*


Innate Abilities, Weirdness & Mutations

You reflexively headbutt those who attack you in melee.
You have a pair of horns on your head.


Message History

The orc warrior is heavily wounded.
The orc looks more healthy.
The orc hits you but does no damage.
The orc warrior hits you with a +0 dire flail!!
The orc barely misses you.
You hit the orc warrior but do no damage.
The orc warrior is heavily wounded.
The orc warrior looks more healthy.
You block the orc's attack.
The orc hits you from afar with a cursed +0 trident.
The orc warrior hits you with a +0 dire flail!
* * * LOW HITPOINT WARNING * * *
You closely miss the orc warrior.
The orc warrior is heavily wounded.
The orc hits you but does no damage. x2
You closely miss the orc warrior. Your headbutt misses the orc warrior.
The orc warrior is heavily wounded.
You block the orc's attack.
You slash the orc warrior!
The orc warrior is almost dead.
The orc warrior hits you with a +0 dire flail!!
You die...

....#####.......
##.......#....##.. # #..
#.....##.# #. #. ##..
####.###..# . (..###..#
#.####++### .....#..#
##.#........
...(.o..#####..#........
.....o(o.......#.....#..
##@.......+........
##....##.+........
##...####..#..... #...#
#........ ##..#
#........ #..#
#####''### ##.#
#..##...# #.###..###.##
##.##...##..#


You could see an orc warrior and 2 orcs.

Vanquished Creatures
  Pikel (D:6)
  Joseph (D:7)
  Sigmund (D:2)
  Duvessa (D:7)
  4 slaves (D:6)
  A sky beast (D:7)
  A centaur (D:6)
  An ogre (D:5)
  3 bullfrogs
  Dowan (D:7)
  A water moccasin skeleton (D:6)
  A howler monkey (D:4)
  3 crimson imps
  A centaur skeleton (D:4)
  3 hounds
  3 iguanas
  A worker ant (D:4)
  Terence (D:3)
  A howler monkey zombie (D:6)
  A worker ant zombie (D:5)
  8 gnolls
  16 adders
  A howler monkey skeleton (D:5)
  6 river rats
  A shadow imp (D:7)
  4 oozes
  An adder skeleton (D:5)
  4 worms
  3 dart slugs (D:1)
  5 leopard geckos
  2 orcs
  7 bats
  4 giant cockroaches
  9 hobgoblins
  3 quokkas
  10 ball pythons
  10 frilled lizards
  7 goblins
  6 kobolds
  A leopard gecko skeleton (D:6)
  37 rats
176 creatures vanquished.

Notes
Turn   | Place    | Note
-------+----------+-------------------------------------------
     0 | D:1      | Gildeon the Minotaur Fighter began the quest for the Orb.
     0 | D:1      | Reached XP level 1. HP: 19/19 MP: 0/0
    96 | D:1      | Reached skill level 3 in Axes
   101 | D:1      | Reached XP level 2. HP: 26/26 MP: 1/1
   441 | D:1      | Reached skill level 4 in Axes
   538 | D:2      | Reached XP level 3. HP: 30/31 MP: 2/2
   611 | D:2      | Reached skill level 5 in Axes
   903 | D:2      | Found an opulent altar of Gozag.
   921 | D:2      | Reached XP level 4. HP: 39/39 MP: 3/3
   950 | D:2      | Found an iron altar of Okawaru.
   957 | D:2      | Became a worshipper of Warmaster Okawaru
  1217 | D:2      | Noticed Sigmund
  1237 | D:2      | Killed Sigmund
  1237 | D:2      | Reached * piety under Okawaru
  1237 | D:2      | Reached skill level 7 in Axes
  1237 | D:2      | Reached XP level 5. HP: 17/45 MP: 4/4
  2028 | D:3      | Reached XP level 6. HP: 51/51 MP: 5/5
  2077 | D:3      | Found a glowing golden altar of the Shining One.
  2179 | D:3      | Noticed a moth of wrath
  2181 | D:3      | Found a bloodstained altar of Trog.
  2256 | D:3      | Noticed Terence
  2259 | D:3      | Killed Terence
  2537 | D:4      | Reached skill level 8 in Axes
  2551 | D:4      | Got a twisted trident
  2661 | D:4      | Found an ornate altar of the Wu Jian Council.
  3000 | D:4      | Found a glowing drain.
  3004 | Sewer    | Entered a sewer
  3149 | Sewer    | Reached skill level 9 in Axes
  3206 | Sewer    | Reached XP level 7. HP: 29/57 MP: 6/6
  3523 | Sewer    | Reached ** piety under Okawaru
  3613 | Sewer    | Reached skill level 10 in Axes
  3748 | D:5      | Entered Level 5 of the Dungeon
  3748 | D:5      | Found Zesiuv's Jewellery Shop.
  4218 | D:5      | Reached skill level 11 in Axes
  4228 | D:5      | Got a warped hand axe
  4304 | D:5      | Found a staircase to the Ecumenical Temple.
  4318 | Temple   | Entered the Ecumenical Temple
  4647 | D:5      | Reached XP level 8. HP: 62/64 MP: 7/7
  4947 | D:6      | Found an opulent altar of Gozag.
  4985 | D:6      | Found Nahog's Assorted Antiques.
  5046 | D:6      | Noticed Pikel
  5060 | D:6      | Reached *** piety under Okawaru
  5067 | D:6      | Killed Pikel
  5067 | D:6      | Reached skill level 12 in Axes
  5379 | D:6      | Reached **** piety under Okawaru
  5379 | D:6      | Reached skill level 13 in Axes
  5455 | D:6      | Found Reutut's General Store.
  5507 | D:6      | Found Quetiz's Distillery.
  5545 | D:6      | Found Udi Fean's Gadget Boutique.
  5631 | D:6      | Found a stormy altar of Qazlal.
  5633 | D:6      | Found a snail-covered altar of Cheibriados.
  5646 | D:7      | Noticed Joseph
  5657 | D:7      | Killed Joseph
  5657 | D:7      | Reached XP level 9. HP: 25/70 MP: 8/8
  5898 | D:7      | Reached skill level 14 in Axes
  6019 | D:7      | Noticed Duvessa
  6019 | D:7      | Noticed Dowan
  6033 | D:7      | Killed Duvessa
  6033 | D:7      | Killed Dowan
  6100 | D:7      | Slain by an orc warrior

Levels and vault maps discovered:
D:1:      lemuel_arrival_broad_hall, layout_rooms
D:2:      minmay_alternating_diamond, layout_loops_ring, okawaru_gym_becter,
          st_stairs_13, nicolae_gozag_cash_rules_everything_around_me,
          uniq_sigmund
D:3:      layout_loops_cross, lemuel_coloured_pillars_altar, tgw_trog,
          hangedman_decor_points, uniq_terence
D:4:      layout_cave_pools, kennysheep_little_box, gup_sewer_entry_spiral
D:5:      layout_loops_ring, minmay_temple_entry_sparse_star, first_ration,
          serial_shops, shop_statue
D:6:      layout_basic, lemuel_crystal_altar, nicolae_overflow_hidden_temple,
          serial_shops, shop, shop, nicolae_shop_behind_doors, shop,
          lemuel_flamethrower_2, uniq_pikel
D:7:      layout_layer_cave, kennysheep_generic_room_7, uniq_duvessa,
          uniq_joseph
Temple:   jpeg_temple_island

Skill      XL: |  1  2  3  4  5  6  7  8  9 |
---------------+----------------------------+-----
Axes           | 3 4 5 7 9 11 13 14 | 14.2
Fighting       | |  3.6
Armour         | |  3.6
Shields        | |  3.6

Action                   |  1- 3 |  4- 6 |  7- 9 || total
-------------------------+-------+-------+-------++-------
Melee: War axe           |    85 |   148 |   219 ||   452
       Headbutt          |    11 |    18 |    43 ||    72
Throw: Dart              |       |     3 |    31 ||    34
  Use: Scroll            |       |     1 |     2 ||     3
       Potion            |       |       |     2 ||     2
  Eat: Chunk             |       |     8 |     9 ||    17
Armor: Scale mail        |    32 |     8 |       ||    40
       Chain mail        |       |    60 |   121 ||   181
Dodge: Dodged            |    28 |    36 |    52 ||   116
Block: Shield            |    44 |    87 |   112 ||   243
